 Dungeon Crawl Stone Soup version bcrawl-1.19.2-6-g6a88ae04c9 (webtiles) character file.

Game seed: 15481250164472710787

110 Mrkan the Cutter (level 5, 0/37 HPs)
             Began as a Kobold Fighter on Jan 7, 2020.
             Was an Initiate of Trog.
             Killed by divine providence
             ... invoked by an orc priest
              (13 damage)
             ... on level 3 of the Dungeon.
             The game lasted 00:03:00 (1511 turns).

Mrkan the Cutter (Kobold Fighter)                   Turns: 1511, Time: 00:03:01

Health: 0/37       AC:  6    Str: 15    XL:     5   Next: 14%
Magic:  5/5        EV:  8    Int:  9    God:    Trog [......]
Gold:   180        SH:  9    Dex: 14    Spells: 4/4 levels left

rFire    . . .     SeeInvis .   a - +0 rapier
rCold    . . .     Gourm    .   c - +0 shield
rNeg     . . .     Faith    .   b - +0 scale mail
rPois    .         Spirit   .   (no helmet)
rElec    .         Reflect  .   (no cloak)
rCorr    .         Harm     .   (no gloves)
MR       .....                  (no boots)
Stlth    ..........             (no amulet)
HPRegen  0.12/turn              (no ring)
MPRegen  0.09/turn              (no ring)

@: no status effects
A: small, talons 1, carnivore, mutation resistance 1
a: Renounce Religion


You were on level 3 of the Dungeon.
You worshipped Trog.
Trog was noncommittal.
You were very full.

You visited 1 branch of the dungeon, and saw 3 of its levels.

You collected 180 gold pieces.

Inventory:

Hand Weapons
 a - a +0 rapier (weapon)
Armour
 b - a +0 scale mail (worn)
 c - a +0 shield (worn)
Scrolls
 g - a scroll of teleportation {unknown}
 h - 2 scrolls of identify {unknown}
 i - a scroll of fog {unknown}
 l - a scroll of remove curse {unknown}
Potions
 d - 2 potions of might
 e - 2 potions of flight {unknown}
 j - 2 potions of berserk rage {unknown}
 k - a potion of mutation {unknown}
Comestibles
 f - 2 rations {!d}


   Skills:
 + Level 3.9 Fighting
 * Level 4.6 Short Blades
 + Level 3.6 Armour
 + Level 3.9 Shields


You had 4 spell levels left.
You didn't know any spells.
Your spell library was empty.

Dungeon Overview and Level Annotations

Branches:
Dungeon (3/12)

Altars:
Hepliaklqana
Trog


Innate Abilities, Weirdness & Mutations

You are small and have problems with some larger weapons.
You have sharp toenails.
You are carnivorous and can eat meat at any time.
You are somewhat resistant to further mutation.


Message History

The orc is moderately wounded.
The orc priest hits you but does no damage.
You miss something. You block the orc priest's attack.
You hit the orc priest but do no damage.
You hear some strange, mumbled words.
A magic dart appears from out of thin air!
The magic dart hits you! The orc priest hits you with a +0 whip.
You puncture the orc priest!
You claw the orc priest, but do no damage.
The orc priest is heavily wounded.
The orc priest hits you with a +0 whip.
You hear some strange, mumbled words.
A magic dart appears from out of thin air!
The magic dart hits you!
You hit the orc priest but do no damage.
You claw the orc priest.
The orc priest is severely wounded.
The orc priest invokes the aid of Beogh against you.
Beogh smites you!
You die...

##### ##### ?.... ....
...# #..# #..# #..#
####..#####..####
.........>.....#
.##.##..####...##.###.
......o@).....<.......
$##.###o####...#...###
...# ##.## #....
..#### #.# ##. ... #.#
.^ #+# .


You could see an orc priest and an orc.

Vanquished Creatures
  An adder (D:2)
  5 worms (D:2)
  A dart slug (D:1)
  3 leopard geckos
  2 orcs
  11 goblins
  4 hobgoblins
  18 jackals
  7 kobolds
  6 bats
  5 frilled lizards
  10 rats
73 creatures vanquished.

Notes
Turn   | Place    | Note
-------+----------+-------------------------------------------
     0 | D:1      | Mrkan the Kobold Fighter began the quest for the Orb.
     0 | D:1      | Reached XP level 1. HP: 16/16 MP: 1/1
    17 | D:1      | Reached skill level 3 in Short Blades
    42 | D:1      | Reached XP level 2. HP: 19/21 MP: 2/2
   246 | D:1      | Reached XP level 3. HP: 25/26 MP: 3/3
   596 | D:1      | Reached XP level 4. HP: 33/33 MP: 4/4
   752 | D:2      | Reached skill level 4 in Short Blades
   867 | D:2      | Found a faded altar of an unknown god.
  1106 | D:2      | Reached XP level 5. HP: 26/37 MP: 5/5
  1330 | D:2      | Found a hazy altar of Hepliaklqana.
  1390 | D:2      | Found a bloodstained altar of Trog.
  1399 | D:2      | Became a worshipper of Trog the Wrathful
  1511 | D:3      | Killed from afar by an orc priest

Skill      XL: |  1  2  3  4 |
---------------+-------------+-----
Short Blades   | 3 4 |  4.6
Fighting       | |  3.9
Armour         | |  3.6
Shields        | |  3.9

Action                   |  1- 3 |  4- 6 || total
-------------------------+-------+-------++-------
Melee: Rapier            |    92 |    96 ||   188
       Kick              |    26 |    22 ||    48
  Eat: Chunk             |     7 |     2 ||     9
Armor: Scale mail        |    65 |    28 ||    93
Dodge: Dodged            |    37 |    33 ||    70
Block: Shield            |    64 |    53 ||   117
